 Dungeon Crawl Stone Soup version 0.24.1-14-gf8d2b509d9 (webtiles) character file.

Game seed: 2561335244512584416, levelgen mode: deterministic

199 Peloso the Slasher (level 5, -7/32 HPs)
             Began as a Vampire Fighter on May 26, 2020.
             Was an Initiate of Okawaru.
             Mangled by an ogre
             ... wielding a +0 giant spiked club
              (9 damage)
             ... on level 4 of the Dungeon.
             The game lasted 00:05:29 (2789 turns).

Peloso the Slasher (Vampire Fighter)                Turns: 2789, Time: 00:05:30

Health: -7/32      AC: 10    Str: 20 (21) XL:     5   Next: 48%
Magic:  5/5        EV:  5    Int: 10      God:    Okawaru [......]
Gold:   124        SH:  9    Dex: 14      Spells: 4/4 levels left

rFire    . . .     SeeInvis +   a - +0 long sword
rCold    + + .     Gourm    .   c - +0 shield
rNeg     + + +     Faith    .   i - +0 chain mail
rPois    ∞         Spirit   .   (no helmet)
rElec    .         Reflect  .   m - +0 cloak
rCorr    .         Harm     .   (no gloves)
MR       .....                  (no boots)
Stlth    ..........             (no amulet)
HPRegen  0.00/turn              k - ring of wizardry
MPRegen  0.09/turn              (no ring)

@: mighty, bloodless
A: no food, fangs 3, see invisible, unbreathing
a: Bat Form, Revivify, Renounce Religion


You were on level 4 of the Dungeon.
You worshipped Okawaru.
Okawaru was noncommittal.
You were bloodless.

You visited 1 branch of the dungeon, and saw 4 of its levels.

You collected 124 gold pieces.

Inventory:

Hand Weapons
 a - a +0 long sword (weapon)
Armour
 b - a +0 scale mail
 c - a +0 shield (worn)
 i - a +0 chain mail (worn)
 m - a +0 cloak (worn)
Jewellery
 k - a ring of wizardry (left hand)
Wands
 r - a wand of polymorph (9)
Scrolls
 e - a scroll of fog {unknown}
 f - a scroll of blinking {unknown}
 h - a scroll of noise {unknown}
 j - a scroll of remove curse {unknown}
 o - a scroll of fear {unknown}
 q - a scroll of teleportation {unknown}
Potions
 d - 4 potions of might
 g - a potion of berserk rage
 l - a potion of flight
 n - a potion of brilliance
 p - 2 potions of curing
 s - a potion of heal wounds
 t - a potion of invisibility {unknown}


   Skills:
 + Level 3.5 Fighting
 + Level 3.8 Long Blades
 + Level 3.1 Armour
 + Level 0.5 Dodging
 + Level 3.3 Shields


You had 4 spell levels left.
You didn't know any spells.
Your spell library was empty.

Dungeon Overview and Level Annotations

Branches:
Dungeon (4/15)
 Temple: D:4-7

Altars:
Elyvilon
Gozag
Okawaru
Trog
Yredelemnul


Innate Abilities, Weirdness & Mutations

You do not eat.
You do not regenerate when monsters are visible.
You are frail without blood (-20% HP).
You can heal yourself when you bite living creatures.
You are immune to poison.
You have razor-sharp teeth.
You have supernaturally acute eyesight. (SInv)
You can survive without breathing.


Message History

The hound barks!
You feel very mighty all of a sudden.
You see here 15 gold pieces.
You slash the ogre!
The ogre is moderately wounded.
The ogre hits you with a +0 giant spiked club!!
Ouch! That really hurt!
* * * LOW HITPOINT WARNING * * *
You barely miss the ogre.
The ogre is moderately wounded.
You block the ogre's attack. The hound barely misses you.
You hit the ogre.
The ogre is heavily wounded.
You block the hound's attack. The ogre barely misses you.
The hound bites you but does no damage.
You hit the ogre.
The ogre is severely wounded.
The hound bites you but does no damage.
The ogre hits you with a +0 giant spiked club!
You die...

#####..##
#...#
#.#.#
#.#.##
#.#..#
#.##.##
#. #..#
#. ##O#
#@# #h#
#.# ...
##.## ...
.[. ...
.....


You could see an ogre and a hound.

Vanquished Creatures
  A hound (D:4)
  2 worker ants
  3 gnolls (D:4)
  An adder (D:2)
  An ooze (D:1)
  3 worms (D:3)
  3 dart slugs
  A leopard gecko (D:3)
  7 orcs
  3 ball pythons
  5 giant cockroaches
  4 goblins
  6 hobgoblins
  4 jackals (D:2)
  A quokka (D:4)
  3 bats
  7 frilled lizards
  5 kobolds
  3 rats
63 creatures vanquished.

Notes
Turn   | Place    | Note
-------+----------+-------------------------------------------
     0 | D:1      | Peloso the Vampire Fighter began the quest for the Orb.
     0 | D:1      | Reached XP level 1. HP: 17/17 MP: 1/1
    49 | D:1      | Found an iron altar of Okawaru.
    62 | D:1      | Became a worshipper of Warmaster Okawaru
   137 | D:1      | Reached XP level 2. HP: 18/18 MP: 2/2
   776 | D:2      | Found a bloodstained altar of Trog.
   790 | D:2      | Reached XP level 3. HP: 15/23 MP: 3/3
  1187 | D:2      | Reached XP level 4. HP: 23/28 MP: 4/4
  1377 | D:2      | Found an opulent altar of Gozag.
  1730 | D:3      | Found a white marble altar of Elyvilon.
  2281 | D:3      | Found a basalt altar of Yredelemnul.
  2685 | D:4      | Reached XP level 5. HP: 31/32 MP: 5/5
  2761 | D:4      | Noticed an ogre
  2789 | D:4      | Mangled by an ogre

Levels and vault maps discovered:
D:1:      tarquinn_simple_flora_water_a, layout_loops_ring,
          okawaru_ov_weapons_minmay
D:2:      layout_basic, overflow_temple_1_default, minmay_hexomino_r4
D:3:      layout_loops_corners, kennysheep_ying_yang, roderic_three_in_a_row
D:4:      layout_basic, first_ration, kennysheep_decorative_pillar, uniq_natasha

Skill      XL: |  1  2  3  4 |
---------------+-------------+-----
Shields        | 3 |  3.3
Fighting       | 3 |  3.5
Long Blades    | 3 |  3.8
Armour         | 3 |  3.1
Dodging        | |  0.5

Action                   |  1- 3 |  4- 6 || total
-------------------------+-------+-------++-------
Melee: Long sword        |   112 |   158 ||   270
       Bite              |    13 |    18 ||    31
 Abil: Exsanguinate      |     1 |       ||     1
  Use: Potion            |     3 |     2 ||     5
       Scroll            |       |     3 ||     3
Armor: Scale mail        |     6 |       ||     6
       Chain mail        |    60 |    90 ||   150
Dodge: Dodged            |    22 |    22 ||    44
Block: Shield            |    65 |    58 ||   123
       Rpst.: Long sword |     4 |     9 ||    13
